 Dungeon Crawl Stone Soup version 0.23.1 (webtiles) character file.

Game seed: 11407573932482185777

113042 Porpuntine the Eclecticist (level 16, -9/92 HPs)
             Began as a Deep Elf Conjurer on Mar 2, 2019.
             Was the Champion of Cheibriados.
             Shot with an arrow by a naga sharpshooter (13 damage)
             ... on level 2 of the Snake Pit.
             The game lasted 03:08:16 (27831 turns).

Porpuntine the Eclecticist (Deep Elf Conjurer)     Turns: 27831, Time: 03:08:17

Health: -9/92      AC: 24    Str: 25    XL:     16   Next: 13%
Magic:  11/48      EV: 20    Int: 38    God:    Cheibriados [******]
Gold:   717        SH: 11    Dex: 30    Spells: 3/50 levels left

rFire    + . .     SeeInvis +   R - +9 scimitar (flame)
rCold    + + +     Gourm    .   x - +0 buckler
rNeg     . . .     Faith    .   g - +0 ice dragon scales
rPois    +         Spirit   .   w - +1 helmet
rElec    +         Reflect  +   F - +2 cloak
rCorr    .         Harm     .   T - +2 pair of gloves "Niagg" {rF+ Int+3}
MR       +....                  O - +0 pair of boots of the Snail {rPois rF+}
Stlth    +++.......             j - +4 amulet of reflection
HPRegen  0.25/turn              z - ring of magical power
MPRegen  0.31/turn              Y - ring of Xom's Best Wishes {rC++ Int-3 SInv Stlth+}

@: lethally poisoned (-9 -> -12), very slow
A: hooves 1, mutation resistance 1, electricity resistance
a: Bend Time, Temporal Distortion, Slouch, Step From Time, Renounce Religion


You were on level 2 of the Snake Pit.
You worshipped Cheibriados.
Cheibriados was exalted by your worship.
You were not hungry.

You visited 4 branches of the dungeon, and saw 23 of its levels.
You also visited: Ice Cave and Volcano.

You collected 2394 gold pieces.
You spent 1677 gold pieces at shops.

Inventory:

Hand Weapons
 q - a +5 demon trident
 R - a +9 scimitar of flaming (weapon)
Missiles
 C - 2 throwing nets (quivered)
Armour
 b - a scarf of resistance
 g - +0 ice dragon scales (worn)
 r - a +4 chain mail of fire resistance
 t - +0 fire dragon scales
 w - a +1 helmet (worn)
 x - a +0 buckler (worn)
 y - a +1 chain mail of fire resistance
 F - a +2 cloak (worn)
 O - the +0 pair of boots of the Snail (worn) {rPois rF+}
   (You found it on level 2 of the Lair of Beasts)

   It protects you from fire.
   It protects you from poison.
 T - the +2 pair of gloves "Niagg" (worn) {rF+ Int+3}
   (You found it on level 12 of the Dungeon)

   It affects your intelligence (+3).
   It protects you from fire.
Magical Staves
 M - an uncursed staff of wizardry
Jewellery
 j - a +4 amulet of reflection (around neck)
 n - an uncursed ring of wizardry
 z - a ring of magical power (left hand)
 B - an uncursed ring of fire {unknown}
 W - an uncursed ring of resist corrosion
 Y - the ring of Xom's Best Wishes (right hand) {rC++ Int-3 SInv Stlth+}
   (You found it on level 1 of the Lair of Beasts)

   [ring of intelligence]

   It affects your intelligence (-3).
   It greatly protects you from cold.
   It lets you see invisible.
   It makes you more stealthy.
Wands
 i - a wand of scattershot (9)
 k - a wand of flame (10)
 m - a wand of polymorph (3)
 G - a wand of digging (9)
 H - a wand of acid (23)
 I - a wand of disintegration (19)
 V - a wand of iceblast (47)
Scrolls
 l - 5 scrolls of amnesia
 p - a scroll of fear
 A - 8 scrolls of remove curse
 D - a scroll of noise {unknown}
 J - 13 scrolls of teleportation
 K - a scroll of identify
 N - a scroll of summoning {unknown}
 S - a scroll of acquirement {unknown}
 U - 3 scrolls of fog
Potions
 a - 4 potions of ambrosia
 d - 17 potions of curing
 e - 5 potions of lignification
 f - 3 potions of might
 h - 4 potions of agility
 o - 5 potions of brilliance
 s - 2 potions of cancellation
 u - 5 potions of flight
 v - a potion of magic {unknown}
 E - 7 potions of heal wounds
 P - a potion of invisibility
 Z - 2 potions of resistance
Miscellaneous
 L - a lightning rod (4/4)
 Q - a phantom mirror
Comestibles
 c - 45 rations


   Skills:
 + Level 7.5 Fighting
   Level 0.1(5.8) Short Blades
 + Level 8.6(8.7) Long Blades
   Level 0.3(0.6) Axes
   Level 0.4(0.5) Maces & Flails
 + Level 11.0 Armour
 - Level 10.1 Dodging
 - Level 3.0 Stealth
 - Level 4.0 Shields
 + Level 17.7 Spellcasting
 - Level 10.4 Conjurations
 - Level 7.3 Hexes
 - Level 4.0 Charms
 - Level 3.2 Summonings
 - Level 5.0 Necromancy
 * Level 4.9 Translocations
 - Level 1.1 Transmutations
 - Level 3.6 Earth Magic
 - Level 9.5 Invocations


You had 3 spell levels left.
You knew the following spells:

 Your Spells              Type           Power        Failure   Level  Hunger
a - Magic Dart            Conj           ####         1%          1    None
b - Iskenderun's Mystic   Conj           #######.     1%          4    None
c - Dazzling Spray        Conj/Hex       ######       1%          3    None
d - Fulminant Prism       Conj/Hex       #######...   1%          4    None
e - Force Lance           Conj/Tloc      #######.     1%          4    None
f - Animate Dead          Necr           N/A          2%          4    None
g - Vampiric Draining     Necr           ######....   1%          3    None
h - Confuse               Hex            ######..     1%          3    None
i - Regeneration          Chrm/Necr      ######....   1%          3    None
j - Passwall              Tmut/Erth      ######..     1%          2    None
k - Conjure Flame         Conj/Fire      ######..     1%          3    None
l - Summon Mana Viper     Hex/Summ       ######..     7%          5    None
m - Controlled Blink      Tloc           N/A          100%        8    ####...

Your spell library contained the following spells:

 Spells                   Type           Power        Failure   Level  Hunger
 Animate Skeleton         Necr           N/A          1%          1    None
 Beastly Appendage        Tmut           #####.       1%          1    None
 Corona                   Hex            ######.      1%          1    None
 Freeze                   Ice            ####         1%          1    None
 Pain                     Necr           ####         1%          1    None
 Sandblast                Erth           ######       1%          1    None
 Blink                    Tloc           N/A          1%          2    None
 Call Imp                 Summ           ######..     1%          2    None
 Ensorcelled Hibernation  Hex/Ice        ######       1%          2    None
 Searing Ray              Conj           ######       1%          2    None
 Slow                     Hex            ######..     1%          2    None
 Sticks to Snakes         Tmut           #####...     1%          2    None
 Throw Frost              Conj/Ice       ######       1%          2    None
 Gell's Gravitas          Tloc           ######....   1%          3    None
 Mephitic Cloud           Conj/Pois/Air  ######..     1%          3    None
 Portal Projectile        Hex/Tloc       ######       1%          3    None
 Recall                   Summ/Tloc      N/A          1%          3    None
 Stone Arrow              Conj/Erth      ######       1%          3    None
 Tukima's Dance           Hex            ######..     1%          3    None
 Ozocubu's Armour         Chrm/Ice       #####...     2%          3    None
 Spider Form              Tmut/Pois      #####.....   4%          3    None
 Throw Icicle             Conj/Ice       ######..     2%          4    None
 Petrify                  Tmut/Erth      ######..     8%          4    None
 Summon Ice Beast         Ice/Summ       #####...     11%         4    None
 Summon Forest            Summ/Tloc      ######....   11%         5    None
 Lee's Rapid Deconstruct  Erth           ######....   13%         5    None
 Ice Form                 Ice/Tmut       #####...     16%         4    None
 Aura of Abjuration       Summ           ######....   16%         5    None
 Summon Demon             Summ           ######....   16%         5    None
 Blade Hands              Tmut           #####.....   34%         5    None
 Dispersal                Tloc           ######....   38%         6    None
 Shadow Creatures         Summ           N/A          65%         6    None
 Disjunction              Tloc           ######....   100%        8    ####...


Dungeon Overview and Level Annotations

Branches:
Dungeon (13/15)            Temple (0/1) D:5            Lair (6/6) D:9
  Swamp (0/4) Lair:3        Snake (2/4) Lair:4        Slime (0/5) Lair:6
    Orc (2/2) D:12            Elf (0/3) Orc:2
 Vaults: D:13-14

Altars:
Cheibriados
Dithmenos
Fedhas
Gozag
Hepliaklqana
Kikubaaqudgha
Makhleb
Nemelex Xobeh
Okawaru
Ru
Trog
Uskayaw
Vehumet
Zin
The Shining One
Beogh

Shops:
D:9 =   D:12 %   Orc:2 }(((!   Snake:1 :

Annotations:
D:5 exclusion: 2 downstairs
D:6 1 runed translucent door, Crazy Yiuf
D:7 exclusion: downstairs
D:11 exclusion: downstairs
D:12 exclusion: 2 downstairs
D:13 Kirke
Snake:1 j


Innate Abilities, Weirdness & Mutations

You have large cloven feet.
You are somewhat resistant to further mutation.
You are resistant to electric shocks. (rElec)


Message History

Cheibriados thoroughly appreciates the change of pace.
The naga sharpshooter mumbles some strange words.
The naga sharpshooter magically shoots an arrow.
The arrow hits you but does no damage.
Your naga zombie completely misses the naga warrior.
Your naga zombie barely misses the naga warrior.
You hear an explosion!
The blast of energy engulfs the salamander!
The salamander is moderately wounded.
The blast of energy engulfs the naga sharpshooter!!
The naga sharpshooter is heavily wounded.
The blast of energy engulfs the naga!!
The naga is almost dead.
The blast of energy engulfs the naga warrior!
The naga warrior is lightly wounded.
The naga warrior hits you with a +0 dire flail!!
* * * LOW HITPOINT WARNING * * *
You block the naga warrior's attack.
The naga sharpshooter shoots an arrow.
The arrow hits you!
You die...

#.# #..... .. ......
..##...##
.(....#.###......##
####N..#.....#.#......
..#N.................
..N*................
####.#.##.............
..##...N.................
......ZZ@.....##.....#.!_
#...).(.................
##.##)#).......>...#....
)))...#..###........#
#..)#####..# #.........
..... #..# #....<.[..
...... #### ##.)......
..... #......#. .....
##.....#.


You could see a naga warrior, a naga sharpshooter, a salamander, a naga, a
friendly black mamba zombie and a friendly naga zombie.

Vanquished Creatures
  A nagaraja (Snake:2)
  An orc warlord (Orc:1)
  Snorg (Orc:2)
  2 vault guards (D:13)
  A fire dragon (Lair:6)
  7 hydras
  9 naga warriors
  Harold (D:9)
  An ice dragon (Lair:4)
  A catoblepas (Lair:3)
  4 anacondas
  Erica (D:10)
  A centaur warrior (D:13)
  20 two-headed ogres
  9 death yaks (Lair:6)
  4 ogre magi
  Urug (Lair:2)
  A shock serpent (Snake:1)
  A hell hog (Volcano)
  A salamander mystic (Snake:2)
  A sea snake (Snake:1)
  2 fire crabs
  5 naga ritualists
  A necromancer (IceCv)
  2 ugly things
  2 deep elf magi
  6 mana vipers (Snake:1)
  A cyclops (D:13)
  A wolf spider (Lair:1)
  4 oklob plants (Lair:4)
  3 salamanders (Snake:1)
  2 orc sorcerers
  Maurice (D:7)
  The ghost of skk the Shield-Bearer, a novice DDFi of Uskayaw (D:6)
  22 black mambas
  2 guardian serpents (Snake:1)
  2 molten gargoyles (Lair:6)
  An ice statue (IceCv)
  5 naga magi
  14 spiny frogs
  A centaur skeleton (D:13)
  4 rime drakes
  10 freezing wraiths (IceCv)
  13 komodo dragons
  3 trolls
  A queen bee (D:8)
  2 polar bears
  Prince Ribbit (D:9)
  A harpy skeleton (D:12)
  2 blink frogs (Lair:4)
  2 hornets (Lair:1)
  9 hippogriffs
  A meliai zombie (D:13)
  3 spriggans
  3 wyverns
  22 yaks
  A vampire (D:13)
  2 wraiths
  4 fire bats (Volcano)
  A hog (D:12)
  2 basilisks
  Eustachio (D:6)
  3 steam dragons
  6 hungry ghosts
  Grum (D:9)
  A death yak simulacrum (IceCv)
  4 vampire mosquitoes
  A warg (Orc:1)
  A two-headed ogre zombie (D:12)
  24 nagas
  15 water moccasins
  A swamp drake (D:9)
  4 porcupines
  6 hell hounds
  18 orc warriors
  2 sky beasts
  7 ice beasts
  2 black bears
  3 phantoms
  19 wolves
  An alligator simulacrum (IceCv)
  7 centaurs
  30 ogres
  16 crocodiles
  3 big kobolds
  11 bullfrogs
  A wyvern skeleton (D:10)
  3 troll zombies (D:12)
  21 killer bees
  4 wights
  2 howler monkeys
  2 electric eels
  2 crimson imps (D:7)
  A bullfrog zombie (D:13)
  5 lava snakes (Lair:6)
  A quasit (D:13)
  3 draconian simulacra (IceCv)
  10 orc priests
  2 bullfrog skeletons
  11 hounds
  5 jellies
  10 orc wizards
  2 iguanas
  2 spriggan simulacra (IceCv)
  3 hell rats (Lair:6)
  2 polar bear simulacra (IceCv)
  3 troll simulacra (IceCv)
  10 worker ants
  5 centaur simulacra (IceCv)
  4 ogre zombies (D:12)
  A hound zombie (D:9)
  2 worker ant zombies
  Robin (D:2)
  8 gnolls
  A howler monkey skeleton (D:6)
  3 naga simulacra (IceCv)
  13 adders
  5 river rats (Lair:6)
  4 ogre simulacra (IceCv)
  3 shadow imps
  12 white imps (IceCv)
  2 oozes (Lair:6)
  3 worms
  2 dart slugs
  A leopard gecko (D:9)
  62 orcs
  6 giant cockroaches
  15 goblins
  17 hobgoblins
  11 jackals
  10 quokkas
  A ball python skeleton (D:4)
  7 bats
  5 frilled lizards
  2 goblin skeletons (D:12)
  A hobgoblin skeleton (D:12)
  2 hobgoblin zombies (D:12)
  A jackal skeleton (D:5)
  23 kobolds
  4 orc skeletons (D:12)
  16 orc zombies (D:12)
  12 rats
  2 fulminant prisms
  7 fungi
  13 plants
813 creatures vanquished.

Vanquished Creatures (collateral kills)
  An ogre mage (Orc:2)
  A salamander mystic (Snake:2)
  A centaur zombie (D:13)
  A black mamba (Snake:2)
  A blink frog (Lair:4)
  A hippogriff (D:10)
  5 hogs (D:13)
  A water moccasin (Lair:4)
  An ice beast (D:10)
  A phantom (D:8)
  An ogre (Orc:2)
  A centaur (D:10)
  A crimson imp (D:10)
  2 adders (D:10)
  An orc (D:13)
  A fungus (Lair:4)
21 creatures vanquished.

Vanquished Creatures (others)
  2 two-headed ogres (D:13)
  463 fulminant prisms
  34 fungi
  48 plants
547 creatures vanquished.

Grand Total: 1381 creatures vanquished

Notes
Turn   | Place    | Note
-------+----------+-------------------------------------------
     0 | D:1      | Porpuntine the Deep Elf Conjurer began the quest for the
                  | Orb.
     0 | D:1      | Reached XP level 1. HP: 10/10 MP: 6/6
   154 | D:1      | Reached XP level 2. HP: 15/15 MP: 6/8
   160 | D:1      | Reached skill level 5 in Conjurations
   932 | D:1      | Reached XP level 3. HP: 19/19 MP: 6/9
  1254 | D:2      | Found a sparkling altar of Nemelex Xobeh.
  1256 | D:2      | Found an opulent altar of Gozag.
  1402 | D:2      | Reached XP level 4. HP: 24/24 MP: 5/11
  1453 | D:2      | Learned a level 4 spell: Iskenderun's Mystic Blast
  1457 | D:2      | Learned a level 3 spell: Dazzling Spray
  1494 | D:2      | Found a faded altar of an unknown god.
  1616 | D:2      | Found a hazy altar of Hepliaklqana.
  1617 | D:2      | Found a blossoming altar of Fedhas.
  1627 | D:2      | Found a hide-covered altar of Uskayaw.
  1628 | D:2      | Found a glowing silver altar of Zin.
  1630 | D:2      | Found a glowing golden altar of the Shining One.
  1630 | D:2      | Found an ancient bone altar of Kikubaaqudgha.
  1630 | D:2      | Found a snail-covered altar of Cheibriados.
  1631 | D:2      | Noticed Robin
  1814 | D:2      | Killed Robin
  1950 | D:2      | Reached skill level 1 in Hexes
  1980 | D:2      | Found a shadowy altar of Dithmenos.
  2191 | D:2      | Became a worshipper of Cheibriados the Contemplative
  2246 | D:3      | Reached skill level 1 in Armour
  2372 | D:3      | Reached skill level 4 in Spellcasting
  2653 | D:3      | Reached XP level 5. HP: 28/28 MP: 6/13
  2704 | D:3      | Reached * piety under Cheibriados
  3081 | D:3      | Learned a level 4 spell: Fulminant Prism
  3210 | D:4      | Noticed a phantom
  3417 | D:4      | Reached XP level 6. HP: 32/32 MP: 7/15
  3764 | D:4      | Found an opulent altar of Gozag.
  3836 | D:4      | Reached ** piety under Cheibriados
  3894 | D:4      | Reached skill level 5 in Spellcasting
  4355 | D:5      | Entered Level 5 of the Dungeon
  4527 | D:5      | Reached XP level 7. HP: 36/36 MP: 11/16
  4794 | D:5      | Noticed a hippogriff
  4805 | D:5      | Killed a hippogriff
  5163 | D:5      | Learned a level 4 spell: Force Lance
  5470 | D:5      | Found a staircase to the Ecumenical Temple.
  5787 | D:6      | Reached XP level 8. HP: 37/42 MP: 11/18
  5839 | D:6      | Reached skill level 6 in Spellcasting
  5844 | D:6      | Reached *** piety under Cheibriados
  6034 | D:6      | Noticed Eustachio
  6038 | D:6      | Killed Eustachio
  6130 | D:6      | Reached skill level 5 in Armour
  6244 | D:5      | Learned a level 4 spell: Animate Dead
  6418 | D:6      | Reached skill level 7 in Spellcasting
  6418 | D:6      | Reached skill level 5 in Hexes
  6418 | D:6      | Reached skill level 1 in Necromancy
  6418 | D:6      | Reached skill level 1 in Translocations
  6761 | D:6      | Found a runed translucent gate.
  6762 | D:6      | Found a runed translucent gate.
  6788 | D:6      | Found a runed translucent door.
  6789 | D:6      | Noticed Crazy Yiuf
  6805 | D:6      | Found a runed translucent gate.
  6805 | D:6      | Noticed skk's ghost (novice DDFi)
  7071 | D:7      | Reached XP level 9. HP: 46/46 MP: 18/22
  7209 | D:7      | Reached **** piety under Cheibriados
  7503 | D:7      | Reached skill level 1 in Fighting
  7503 | D:7      | Reached skill level 1 in Invocations
  7635 | D:8      | Reached skill level 8 in Spellcasting
  7694 | D:7      | HP: 2/47 [poisoned by a killer bee]
  8004 | D:7      | Learned a level 3 spell: Vampiric Draining
  8033 | D:8      | Noticed Maurice
  8042 | D:7      | Killed Maurice
  8044 | D:7      | Reached skill level 1 in Shields
  8247 | D:7      | Found an iron altar of Okawaru.
  8247 | D:7      | Found a radiant altar of Vehumet.
  8251 | D:7      | Found a sacrificial altar of Ru.
  8265 | D:8      | Reached ***** piety under Cheibriados
  8538 | D:8      | Reached skill level 9 in Spellcasting
  8545 | D:8      | Reached XP level 10. HP: 49/52 MP: 2/25
  9132 | D:8      | Found a sparkling altar of Nemelex Xobeh.
  9165 | D:9      | Noticed Harold
  9209 | D:9      | Learned a level 3 spell: Confuse
  9213 | D:9      | Noticed Prince Ribbit
  9231 | D:9      | Killed Prince Ribbit
  9567 | D:9      | Noticed Grum
  9573 | D:9      | Killed Grum
  9786 | D:9      | Gained mutation: You have large cloven feet. [potion of
                  | mutation]
  9786 | D:9      | Gained mutation: You are somewhat resistant to further
                  | mutation. [potion of mutation]
  9786 | D:9      | Gained mutation: You are resistant to electric shocks.
                  | (rElec) [potion of mutation]
  9804 | D:9      | Found Lice's Jewellery Shoppe.
  9809 | D:9      | Bought a +4 amulet of reflection for 297 gold pieces
  9878 | D:9      | Reached skill level 10 in Spellcasting
 10006 | D:9      | Found a staircase to the Lair.
 10374 | D:9      | Killed Harold
 10491 | D:10     | Entered Level 10 of the Dungeon
 10548 | D:10     | Reached skill level 11 in Spellcasting
 10587 | D:10     | Learned a level 3 spell: Regeneration
 10659 | D:10     | Learned a level 2 spell: Passwall
 10690 | D:10     | Noticed Erica
 10696 | D:10     | Killed Erica
 10696 | D:10     | Reached skill level 1 in Charms
 10696 | D:10     | Reached XP level 11. HP: 56/56 MP: 11/28
 10712 | D:10     | Reached ****** piety under Cheibriados
 10769 | D:10     | Reached skill level 5 in Invocations
 11997 | D:12     | Reached skill level 5 in Dodging
 11999 | D:12     | Noticed a cyan ugly thing
 12476 | D:12     | Found Rolaebb's Food Emporium.
 12676 | D:12     | Got a pair of steaming gloves
 12687 | D:12     | Identified the +2 pair of gloves "Niagg" {rF+ Int+3} (You
                  | found it on level 12 of the Dungeon)
 12918 | D:12     | Found a staircase to the Orcish Mines.
 13403 | D:13     | Noticed a death knight
 13403 | D:13     | Noticed a purple ugly thing
 13403 | D:13     | Noticed an ogre mage
 13403 | D:13     | Noticed a two-headed ogre
 13403 | D:13     | Noticed a two-headed ogre
 13403 | D:13     | Noticed a two-headed ogre
 13403 | D:13     | Noticed a two-headed ogre
 13403 | D:13     | Noticed a two-headed ogre
 13403 | D:13     | Noticed a two-headed ogre
 13406 | D:13     | Killed a two-headed ogre
 13406 | D:13     | Reached skill level 12 in Spellcasting
 13406 | D:13     | Killed an ogre mage
 13409 | D:12     | Killed a two-headed ogre
 13501 | D:13     | Reached skill level 13 in Spellcasting
 13506 | D:13     | Noticed a purple ugly thing
 13512 | D:13     | Noticed a centaur warrior
 13520 | D:12     | Killed a purple ugly thing
 13520 | D:12     | Reached XP level 12. HP: 43/62 MP: 2/31
 13979 | D:13     | Noticed a vault guard
 13988 | D:13     | Killed a vault guard
 13992 | D:13     | Noticed a vault guard
 13992 | D:13     | Noticed a vault guard
 14110 | D:13     | Noticed a two-headed ogre
 14114 | D:13     | Killed a two-headed ogre
 14114 | D:13     | Reached skill level 14 in Spellcasting
 14123 | D:13     | Killed a two-headed ogre
 14317 | D:13     | Killed a two-headed ogre
 14317 | D:13     | Killed a two-headed ogre
 14321 | D:13     | Killed a centaur warrior
 14573 | D:13     | Reached skill level 15 in Spellcasting
 14574 | D:13     | Killed a two-headed ogre
 14582 | D:13     | Noticed a vault guard
 14589 | D:13     | Killed a vault guard
 14609 | D:13     | Noticed Kirke
 14793 | D:13     | Noticed a two-headed ogre
 14800 | D:13     | Killed a two-headed ogre
 15026 | Lair:1   | Entered Level 1 of the Lair of Beasts
 15349 | Lair:1   | Got a faintly glowing lapis lazuli ring
 15356 | Lair:1   | Identified the cursed ring of Xom's Best Wishes {rC++ Int-3
                  | SInv Stlth+} (You found it on level 1 of the Lair of
                  | Beasts)
 15436 | Lair:1   | Reached skill level 16 in Spellcasting
 15436 | Lair:1   | Reached XP level 13. HP: 68/68 MP: 29/35
 16262 | Lair:2   | Found a radiant altar of Vehumet.
 16702 | Lair:2   | Noticed Urug
 16708 | Lair:2   | Killed Urug
 16711 | Lair:2   | Reached skill level 1 in Long Blades
 16840 | Lair:2   | Got a pair of transparent boots
 16841 | Lair:2   | Identified the +0 pair of boots of the Snail {rPois rF+}
                  | (You found it on level 2 of the Lair of Beasts)
 17235 | Lair:3   | Found a staircase to the Swamp.
 18151 | Lair:4   | Found a frozen archway.
 18217 | IceCv    | Entered an ice cave
 18641 | IceCv    | Found an ancient bone altar of Kikubaaqudgha.
 18939 | Lair:4   | Learned a level 3 spell: Conjure Flame
 19061 | Lair:4   | Reached skill level 17 in Spellcasting
 19068 | Lair:4   | Found a staircase to the Snake Pit.
 19080 | Lair:4   | Reached skill level 5 in Necromancy
 19087 | Lair:4   | Reached XP level 14. HP: 74/74 MP: 13/37
 19955 | Lair:4   | Got a translucent ring mail
 19966 | Lair:4   | Identified the cursed +0 ring mail of Fashionability {MP+9}
                  | (You found it on level 4 of the Lair of Beasts)
 20580 | Lair:6   | Entered Level 6 of the Lair of Beasts
 20888 | Lair:6   | Reached skill level 5 in Long Blades
 21150 | Lair:6   | Found a staircase to the Slime Pits.
 21180 | Lair:6   | Reached skill level 10 in Conjurations
 21743 | Lair:6   | Found a large runed translucent door.
 21930 | Lair:6   | Reached skill level 10 in Dodging
 21943 | Lair:6   | Found a large runed translucent door.
 22066 | Lair:6   | Reached skill level 5 in Fighting
 22642 | Lair:6   | Learned a level 5 spell: Summon Mana Viper
 22956 | D:6      | Killed skk's ghost
 23148 | Orc:1    | Entered Level 1 of the Orcish Mines
 23154 | Orc:1    | Noticed an orc warlord
 23168 | Orc:1    | Killed an orc warlord
 23168 | Orc:1    | Reached skill level 1 in Summonings
 23249 | Orc:1    | Found a burning altar of Makhleb.
 23313 | Orc:2    | Entered Level 2 of the Orcish Mines
 23339 | Orc:2    | Noticed Snorg
 23348 | Orc:2    | Killed Snorg
 23450 | Orc:1    | Found a dark tunnel.
 23455 | Volcano  | Entered a volcano
 23990 | Orc:2    | Found a roughly hewn altar of Beogh.
 24020 | Orc:2    | Reached XP level 15. HP: 82/82 MP: 38/38
 24646 | Orc:2    | Found Goirich's Weapon Boutique.
 24646 | Orc:2    | Found Guthrum's Antique Weapon Emporium.
 24647 | Orc:2    | Found Soq Zus's Gadget Shoppe.
 24647 | Orc:2    | Found Kextekogg's Antique Weapon Boutique.
 24887 | Orc:2    | Found a staircase to the Elven Halls.
 24923 | Orc:2    | Found Hopsom's Distillery.
 24930 | Orc:2    | Bought a potion of curing for 45 gold pieces
 24930 | Orc:2    | Bought a potion of heal wounds for 75 gold pieces
 24930 | Orc:2    | Bought a potion of curing for 45 gold pieces
 24930 | Orc:2    | Bought a potion of curing for 45 gold pieces
 25483 | Snake:1  | Entered Level 1 of the Snake Pit
 25519 | Snake:1  | Reached skill level 10 in Armour
 25967 | Snake:1  | Reached skill level 1 in Earth Magic
 27029 | Snake:1  | Found Xuplius's Book Boutique.
 27036 | Snake:1  | Bought a book of the Warp for 1170 gold pieces
 27045 | Snake:1  | Learned a level 8 spell: Controlled Blink
 27627 | Snake:2  | Found a bloodstained altar of Trog.
 27636 | Snake:2  | Reached skill level 1 in Transmutations
 27640 | Snake:2  | Reached XP level 16. HP: 92/92 MP: 30/39
 27831 | Snake:2  | HP: 4/92 [naga warrior/+0 dire flail (24)]
 27831 | Snake:2  | Shot with an arrow by a naga sharpshooter

Skill      XL: |  1  2  3  4  5  6  7  8  9 10 11 12 13 14 15 16 |
---------------+-------------------------------------------------+-----
Conjurations   | 5 6 7 8 9 10 | 10.4
Hexes          | 1 2 3 5 6 7 |  7.3
Armour         | 1 2 3 4 5 6 7 9 10 11 | 11.0
Spellcasting   | 4 5 7 9 11 13 16 17 | 17.7
Necromancy     | 2 3 5 |  5.0
Translocations | 1 3 4 |  4.9
Fighting       | 1 2 3 5 7 |  7.5
Invocations    | 2 4 6 8 9 |  9.5
Shields        | 1 2 4 |  4.0
Dodging        | 4 6 9 10 | 10.1
Charms         | 1 4 |  4.0
Long Blades    | 4 7 8 |  8.6
Summonings     | 1 3 |  3.2
Stealth        | 3 |  3.0
Earth Magic    | 3 |  3.6
Transmutations | 1 |  1.1
Short Blades   | |  0.1
Axes           | |  0.3
Maces & Flails | |  0.4

Action                   |  1- 3 |  4- 6 |  7- 9 | 10-12 | 13-15 | 16-18 || total
-------------------------+-------+-------+-------+-------+-------+-------++-------
Melee: Hand axe          |       |    11 |    27 |     9 |       |       ||    47
       Whip              |       |       |       |    36 |       |       ||    36
       Kick              |       |       |       |    52 |    13 |       ||    65
       Short sword       |       |       |       |    35 |       |       ||    35
       Scimitar          |       |       |       |       |   315 |     8 ||   323
 Cast: Magic Dart        |    75 |   185 |   182 |   168 |    89 |       ||   699
       Fulminant Prism   |       |       |    37 |   116 |   299 |    14 ||   466
       Iskenderun's Myst |       |       |    17 |    46 |    76 |     2 ||   141
       Dazzling Spray    |       |       |     5 |     7 |     5 |       ||    17
       Animate Dead      |       |       |     4 |     6 |    10 |     1 ||    21
       Force Lance       |       |       |     1 |     3 |     6 |     1 ||    11
       Vampiric Draining |       |       |       |     3 |       |       ||     3
       Regeneration      |       |       |       |     4 |    22 |     1 ||    27
       Confuse           |       |       |       |     4 |    25 |       ||    29
       Summon Mana Viper |       |       |       |       |     3 |       ||     3
Invok: Step From Time    |       |       |       |       |     1 |       ||     1
       Temporal Distorti |       |       |       |       |     1 |       ||     1
Evoke: Lightning rod     |       |       |       |     4 |       |       ||     4
  Use: Scroll            |       |    12 |     4 |     9 |    17 |     1 ||    43
       Potion            |       |       |     1 |     2 |       |     1 ||     4
 Stab: Invisible         |       |       |     2 |     1 |     1 |       ||     4
       Sleeping          |       |       |       |     2 |     1 |       ||     3
       Confused          |       |       |       |       |     6 |       ||     6
       Distracted        |       |       |       |       |     2 |     1 ||     3
  Eat: Chunk             |     1 |     4 |     7 |     6 |    11 |       ||    29
       Ration            |       |     2 |       |     2 |     4 |       ||     8
Armor: Ring mail         |     4 |    30 |    56 |    22 |       |       ||   112
       Troll leather arm |       |       |       |    28 |    18 |       ||    46
       Ice dragon scales |       |       |       |       |    93 |    11 ||   104
       Fire dragon scale |       |       |       |       |     5 |       ||     5
Dodge: Dodged            |     5 |    59 |    93 |   188 |   343 |    14 ||   702
Block: Buckler           |       |       |     8 |   145 |   249 |    16 ||   418
       Reflection        |       |       |       |    21 |    12 |     2 ||    35
       Rpst.: Scimitar   |       |       |       |       |    88 |     4 ||    92
